 Dungeon Crawl Stone Soup version 0.30-a0-760-g5a9884bb7c (webtiles) character file.

Game seed: 11764164666802361138

7139 Esekla the Thaumaturge (level 11, -6/85 HPs)
             Began as a Formicid Cinder Acolyte on Feb 11, 2023.
             Was a Priest of Ignis.
             Mangled by a death yak (12 damage)
             ... on level 9 of the Dungeon.
             The game lasted 01:04:01 (8472 turns).

Esekla the Thaumaturge (Formicid Cinder Acolyte)    Turns: 8472, Time: 01:04:02

Health: -6/85      AC: 19    Str: 20    XL:     11   Next: 31%
Magic:  23/23      EV: 12    Int: 17    God:    Ignis [***...]
Gold:   621        SH:  5    Dex: 11    Spells: 19/26 levels left

rFire   + . .      SeeInvis +    s - +4 dagger (venom)
rCold   . . .      Faith    .    x - +0 buckler
rNeg    . . .      Spirit   .    m - +2 leather armour "Ynajeog" {rElec Dex+2 Stlth-}
rPois   +          Reflect  .    (helmet unavailable)
rElec   +          Harm     .    D - +2 cloak {rPois}
rCorr   .          Rampage  .    (no gloves)
Will    ++...                    G - +2 pair of boots Stlth
                                 k - amulet of regeneration
HPRegen 1.14/turn                y - ring of willpower
MPRegen 0.18/turn                (no ring)

@: mighty, wereblooded, fiery-armoured (expiring)
A: permanent stasis, dig shafts and tunnels, antennae 3, four strong arms
a: Dig, Shaft Self, Renounce Religion, Fiery Armour, Foxfire Swarm, Rising Flame


You were on level 9 of the Dungeon.
You worshipped Ignis.
Ignis was most pleased with you.
You visited 2 branches of the dungeon, and saw 10 of its levels.

You collected 621 gold pieces.

Inventory:

Hand Weapons
 f - a +2 scimitar of flaming
 r - a +3 trident
 s - a +4 dagger of venom (weapon)
 E - the +6 hammer of Plague {holy, rC- rCorr Str+4}
   (You found it on level 2 of the Dungeon)

   Str:       It affects your strength (+4).
   rC:        It makes you vulnerable to cold.
   rCorr:     It protects you from acid and corrosion.
Missiles
 p - 28 poisoned darts (quivered)
 q - 2 throwing nets
 H - 2 boomerangs
 I - a curare-tipped dart
Armour
 m - the +2 leather armour "Ynajeog" (worn) {rElec Dex+2 Stlth-}
   (You found it on level 3 of the Dungeon)

   Dex:       It affects your dexterity (+2).
   rElec:     It insulates you from electricity.
   Stlth:     It makes you less stealthy.
 x - a +0 buckler (worn)
 D - a +2 cloak of poison resistance (worn)
 G - a +2 pair of boots (worn)
 K - a +0 troll leather armour
Jewellery
 k - an amulet of regeneration (around neck)
 y - a ring of willpower (left hand)
Wands
 e - a wand of acid (6)
 i - a wand of mindburst (43)
 u - a wand of flame (54)
 C - a wand of iceblast (12)
Scrolls
 b - 2 scrolls of blinking {unknown}
 c - a scroll of vulnerability {unknown}
 d - 2 scrolls of butterflies {unknown}
 h - 2 scrolls of enchant armour {unknown}
 v - a scroll of immolation {unknown}
 A - 5 scrolls of noise {unknown}
 F - a scroll of poison {unknown}
 L - a scroll of enchant weapon {unknown}
Potions
 j - 7 potions of curing
 n - a potion of mutation {unknown}
 o - 3 potions of attraction
 w - a potion of brilliance {unknown}
 z - a potion of might
 J - a potion of ambrosia {unknown}
 M - 2 potions of resistance


   Skills:
 * Level 7.7 Fighting
 + Level 3.0(4.7) Short Blades
 * Level 5.7(6.1) Long Blades
 + Level 1.0 Throwing
 + Level 4.9 Armour
 + Level 3.5 Dodging
 + Level 0.6 Stealth
 + Level 5.4 Shields
 + Level 8.1 Spellcasting
 + Level 6.4 Hexes
 + Level 4.3 Transmutations
 + Level 6.3 Fire Magic


You had 19 spell levels left.
You knew the following spells:

 Your Spells              Type           Power      Damage    Failure   Level
o - Scorch                Fire           56%        2d8       1%          2
t - Tukima's Dance        Hex            28%        N/A       3%          3
w - Wereblood             Tmut           21%        N/A       3%          2

Your spell library contained the following spells:

 Spells                   Type           Power      Damage    Failure   Level
 Beastly Appendage        Tmut           42%        N/A       2%          1
 Portal Projectile        Hex/Tloc       34%        N/A       12%         3
 Kindle Blastsparks       Fire/Tloc/Air  28%        2d12      19%         3
 Spider Form              Tmut/Pois      14%        N/A       19%         3
 Sublimation of Blood     Necr           6%         N/A       22%         2
 Fulminant Prism          Conj/Hex       8%         3d7       36%         4
 Leda's Liquefaction      Hex/Erth       8%         N/A       36%         4
 Call Canine Familiar     Summ           6%         N/A       41%         3
 Gell's Gravitas          Tloc           6%         N/A       41%         3
 Teleport Other           Tloc           6%         N/A       41%         3
 Blade Hands              Tmut           10%        N/A       56%         5
 Iskenderun's Mystic Bla  Conj/Tloc      6%         2d4       82%         4
 Lee's Rapid Deconstruct  Erth           3%         3d5*      99%         5
 Dispersal                Tloc           3%         N/A       100%        6
 Summon Hydra             Summ           3%         N/A       100%        7


Dungeon Overview and Level Annotations

Branches:
Dungeon (9/15)             Temple (1/1) D:4
   Lair: D:8-11         Orc: D:9-12

Altars:
Ashenzari
Cheibriados
Dithmenos
Elyvilon
Fedhas
Gozag
Kikubaaqudgha
Makhleb
Nemelex Xobeh
Okawaru
Qazlal
Ru
Sif Muna
Trog
Uskayaw
Vehumet
Wu Jian
Xom
Zin
The Shining One

Annotations:
D:9 2 transporters


Innate Abilities, Weirdness & Mutations

You cannot be hasted, slowed, berserked, paralysed or teleported.
You can dig through walls and to a lower floor.
You have a pair of large antennae on your head. (SInv)
Your four strong arms can wield two-handed weapons with a shield.


Message History

The death yak gores you but does no damage.
You hit the death yak but do no damage.
The death yak looks as sick as possible!
The death yak is lightly wounded.
The death yak gores you but does no damage.
Your +4 dagger of venom stops dripping with poison.
Your +2 scimitar of flaming bursts into flame!
f - a +2 scimitar of flaming (weapon)
You slash the death yak! You burn the death yak.
The death yak is moderately wounded.
The death yak gores you!
You hit the death yak. You burn the death yak.
The death yak is moderately wounded.
The death yak completely misses you.
You hit the death yak but do no damage.
The death yak is moderately wounded.
The death yak gores you!!
* * * LOW HITPOINT WARNING * * *
You feel much better. The death yak gores you!!
* * * LOW HITPOINT WARNING * * *
You hear an angry buzzing noise. x2
You feel very mighty all of a sudden. The death yak gores you!!
* * * LOW HITPOINT WARNING * * *
The death yak is burned by your cloak of flames.
The death yak is heavily wounded.
You feel much better. You block the death yak's attack.
Your +2 scimitar of flaming stops flaming.
Your +4 dagger of venom begins to drip with poison!
s - a +4 dagger of venom (weapon)
The killer bee buzzes angrily.
The death yak gores you!!
* * * LOW HITPOINT WARNING * * *
The death yak is burned by your cloak of flames.
The death yak is heavily wounded.
Okay, then.
Unknown command.
Are you sure you want to shaft yourself?
The death yak gores you!
You die...

#.....##
#.....#
#.....#
#.##.#####
##.#©..#..#
#....©....#
#..#..©##.#
#..##.###.#
#. ..>#
#@#{ .
...## #Y#{{
{ ...#.#
#YY{{.... #
##
###y..Y..
y.....
..$.. ###.#
#


You could see 3 death yaks and 2 killer bees.

Vanquished Creatures
  A two-headed ogre (D:8)
  2 death yaks (D:9)
  Pikel (D:5)
  2 trolls
  Grinder (D:4)
  Sigmund (D:4)
  2 steam dragons
  Eustachio (D:5)
  Duvessa (D:5)
  2 water moccasins
  A sky beast (D:7)
  An ice beast (D:7)
  An ogre (D:5)
  A phantom (D:5)
  2 kobold brigands (D:7)
  A lemure (D:6)
  2 bullfrogs
  A necrophage (D:6)
  2 gnoll sergeants
  A scorpion (D:5)
  13 wights
  Dowan (D:5)
  8 killer bees
  8 howler monkeys
  4 hounds
  A jelly (D:8)
  An orc priest (D:4)
  Jessica (D:2)
  An iguana (D:5)
  Ijyb (D:4)
  4 orc wizards
  Robin (D:4)
  8 gnolls
  4 adders
  4 shadow imps
  A worm (D:2)
  3 dart slugs
  21 orcs
  5 endoplasms
  A giant cockroach (D:4)
  7 hobgoblins
  12 jackals
  17 kobolds
  3 quokkas
  6 ball pythons
  5 bats
  2 frilled lizards
  14 goblins
  2 rats (D:1)
186 creatures vanquished.

Vanquished Creatures (collateral kills)
  Erica (D:9)
  Crazy Yiuf (D:2)
2 creatures vanquished.

Vanquished Creatures (others)
  A dancing weapon (D:5)
1 creature vanquished.

Grand Total: 189 creatures vanquished

Notes
Turn   | Place    | Note
-------+----------+-------------------------------------------
     0 | D:1      | Esekla the Formicid Cinder Acolyte began the quest for the
                  | Orb.
     0 | D:1      | Reached XP level 1. HP: 18/18 MP: 2/2
   335 | D:1      | Reached XP level 2. HP: 24/24 MP: 3/3
   420 | D:1      | Learned a level 2 spell: Scorch
   431 | D:1      | Found a faded altar of an unknown god.
   694 | D:3      | Reached XP level 3. HP: 30/30 MP: 4/4
   719 | D:3      | Found a burning altar of Makhleb.
   802 | D:2      | You fall into a shaft and drop 1 floor!
   937 | D:2      | You fall into a shaft and drop 2 floors!
  1081 | D:4      | Reached skill level 1 in Hexes
  1155 | D:4      | Reached XP level 4. HP: 27/37 MP: 0/5
  1244 | D:4      | Reached skill level 1 in Dodging
  1244 | D:4      | Reached XP level 5. HP: 23/42 MP: 5/7
  1428 | D:4      | Found a staircase to the Ecumenical Temple.
  1442 | D:4      | Learned a level 2 spell: Wereblood
  1451 | Temple   | Entered the Ecumenical Temple
  1669 | D:4      | Noticed Ijyb
  1672 | D:4      | You fall into a shaft and drop 1 floor!
  1672 | D:5      | Entered Level 5 of the Dungeon
  1799 | D:3      | Identified the +2 leather armour "Ynajeog" {rElec Dex+2
                  | Stlth-}
  1837 | D:3      | Found an opulent altar of Gozag.
  1843 | D:3      | Reached skill level 1 in Armour
  2120 | D:2      | Found a runed translucent door.
  2121 | D:2      | Noticed Crazy Yiuf
  2167 | D:2      | Learned a level 3 spell: Tukima's Dance
  2176 | D:2      | Noticed Jessica
  2189 | D:2      | Killed Jessica
  2190 | D:2      | Reached skill level 2 in Spellcasting
  2204 | D:2      | Reached XP level 6. HP: 49/49 MP: 6/9
  2746 | D:4      | Noticed Robin
  2776 | D:4      | Killed Robin
  2825 | D:4      | Noticed Grinder
  2839 | D:4      | Killed Grinder
  2840 | D:4      | Reached skill level 3 in Spellcasting
  2840 | D:4      | Reached skill level 1 in Transmutations
  2840 | D:4      | Reached XP level 7. HP: 40/55 MP: 2/11
  2841 | D:4      | Found a radiant altar of Vehumet.
  2841 | D:4      | Found a sparkling altar of Nemelex Xobeh.
  3001 | D:4      | Killed Ijyb
  3053 | D:4      | Found a glowing silver altar of Zin.
  3217 | D:4      | Noticed Sigmund
  3230 | D:4      | Killed Sigmund
  3231 | D:4      | Reached skill level 5 in Fighting
  3635 | D:5      | Reached XP level 8. HP: 55/62 MP: 8/13
  3848 | D:5      | Noticed Duvessa
  3848 | D:5      | Noticed Dowan
  3864 | D:5      | Killed Duvessa
  3864 | D:5      | Killed Dowan
  3865 | D:5      | Reached skill level 1 in Shields
  3865 | D:5      | Reached skill level 4 in Spellcasting
  4176 | D:5      | Noticed Eustachio
  4188 | D:5      | You fall into a shaft and drop 3 floors!
  4249 | D:7      | Reached skill level 1 in Short Blades
  4498 | D:5      | Reached skill level 5 in Spellcasting
  4578 | D:6      | Reached XP level 9. HP: 66/68 MP: 5/16
  4757 | D:5      | Killed Eustachio
  5170 | D:2      | Killed Crazy Yiuf
  5175 | D:2      | Identified the +6 hammer of Plague {holy, rC- rCorr Str+4}
  5393 | D:6      | Reached skill level 5 in Fire Magic
  5673 | D:6      | Reached skill level 6 in Spellcasting
  5941 | D:6      | Noticed Pikel
  6153 | D:6      | Found a shadowy altar of Dithmenos.
  6451 | D:5      | Killed Pikel
  6452 | D:5      | Reached skill level 5 in Hexes
  6452 | D:5      | Reached XP level 10. HP: 67/76 MP: 14/20
  7074 | D:7      | Reached skill level 7 in Spellcasting
  7888 | D:8      | Noticed a +0 dagger
  7889 | D:8      | Found a hide-covered altar of Uskayaw.
  7889 | D:8      | Noticed a +0 hand axe
  7901 | D:8      | Noticed a two-headed ogre
  7908 | D:8      | Killed a two-headed ogre
  7944 | D:8      | Reached skill level 5 in Shields
  8097 | D:8      | Found a glowing golden altar of the Shining One.
  8349 | D:9      | Noticed Erica
  8360 | D:9      | Killed Erica
  8361 | D:9      | Reached XP level 11. HP: 51/84 MP: 16/22
  8403 | D:9      | Reached skill level 5 in Long Blades
  8413 | D:9      | Found a transporter.
  8417 | D:9      | Found a transporter.
  8425 | D:9      | Noticed a death yak
  8426 | D:9      | Noticed a death yak
  8426 | D:9      | Noticed a death yak
  8426 | D:9      | Noticed a death yak
  8426 | D:9      | Noticed a death yak
  8429 | D:9      | Noticed a death yak
  8430 | D:9      | Noticed a death yak
  8442 | D:9      | Killed a death yak
  8443 | D:9      | Reached skill level 1 in Throwing
  8443 | D:9      | Reached skill level 8 in Spellcasting
  8459 | D:9      | Killed a death yak
  8472 | D:9      | Mangled by a death yak

Illustrated notes

Levels and vault maps discovered:
D:1:      wheals_arrival_shading, layout_loops_cross,
          hellmonk_ecumenical_altar_heavens_door, minivault_25
D:2:      layout_rooms, uniq_crazy_yiuf_cottage, uniq_jessica
D:3:      layout_basic, nicolae_gozag_cash_rules_everything_around_me,
          bloody_makhleb, chequers_serial_rivers_micro_b
D:4:      layout_loops_ring, amethyst_overflow_temple_binary, zin_treasury,
          minmay_temple_entry_offerings, nicolae_elevator_lobby_plus,
          uniq_robin, uniq_sigmund, uniq_ijyb, uniq_grinder
D:5:      layout_loops_corners, uniq_eustachio, uniq_duvessa
D:6:      layout_layer_cave, mainiacjoe_overflow_six_doors_small, uniq_pikel
D:7:      corexii_shack_village, layout_loops_ring
D:8:      layout_cave_pools, dancing_weapons_uskayaw,
          nicolae_overflow_crystal_walls
D:9:      layout_layer_cave, nicolae_overflow_hidden_temple, dpeg_lair_monsters,
          enter_bailey_2, serial_nicolae_subway, nicolae_sub_station_crystal,
          nicolae_sub_station_stone, nicolae_sub_station_metal, uniq_harold,
          uniq_erica
Temple:   nicolae_temple_no_exploring_needed

Skill      XL: |  1  2  3  4  5  6  7  8  9 10 11 |
---------------+----------------------------------+-----
Hexes          | 1 2 3 4 5 6 |  6.4
Fighting       | 4 5 6 7 |  7.7
Dodging        | 1 2 3 |  3.5
Armour         | 1 2 3 4 |  4.9
Spellcasting   | 2 3 5 6 7 8 |  8.1
Transmutations | 1 2 3 4 |  4.3
Fire Magic     | 4 5 6 |  6.3
Shields        | 2 4 5 |  5.4
Short Blades   | 1 2 3 |  3.0
Long Blades    | 4 5 |  5.7
Throwing       | 1 |  1.0
Stealth        | |  0.6

Action                     |  1- 3 |  4- 6 |  7- 9 | 10-12 || total
---------------------------+-------+-------+-------+-------++-------
  Melee: Falchion          |    71 |   119 |    48 |    51 ||   289
         Punch             |     1 |     3 |       |       ||     4
         Dagger            |     1 |     5 |   117 |   155 ||   278
         Scimitar          |       |       |       |    19 ||    19
  Throw: Dart              |       |       |       |     5 ||     5
   Cast: Scorch            |    13 |    18 |    60 |    31 ||   122
         Wereblood         |       |     6 |     6 |    10 ||    22
         Tukima's Dance    |       |       |     6 |     2 ||     8
 Invoke: Fiery Armour      |       |     2 |     2 |     2 ||     6
Ability: Shaft Self        |     2 |     1 |     1 |     1 ||     5
         Dig               |       |       |     1 |       ||     1
    Use: Scroll            |       |       |       |     7 ||     7
         Potion            |       |       |       |     3 ||     3
   Stab: Sleeping          |     1 |       |       |       ||     1
 Armour: Robe              |    17 |    10 |       |       ||    27
         Leather armour    |       |    67 |    51 |   121 ||   239
  Dodge: Dodged            |    57 |   141 |   127 |   149 ||   474
  Block: Buckler           |       |       |    18 |    49 ||    67

Table legend: (Time is in decaauts)
 A = Elapsed time spent in this place.
 B = Non-inter-level travel time spent in this place.
 C = Inter-level travel time spent in this place.
 D = Time resting spent in this place.
 E = Time spent auto-exploring this place.
 F = Levels seen in this place.
 G = Mean time per level.
                   A        B        C        D        E       F      G
               +--------+--------+--------+--------+--------+-----+--------+
         Total |   8465 |   8160 |    305 |   1622 |   2482 |  10 |  846.5 |
       Dungeon |   8464 |   8159 |    305 |   1622 |   2482 |   9 |  940.4 |
        Temple |      1 |      1 |      0 |      0 |      0 |   1 |    1.0 |
               +--------+--------+--------+--------+--------+-----+--------+

Top non-repeatable levels by time:
     D:6: 1593 daAuts
     D:4: 1498 daAuts
     D:5: 1252 daAuts
     D:7: 1110 daAuts
     D:2: 772 daAuts
     D:3: 745 daAuts
     D:1: 682 daAuts
     D:8: 660 daAuts
     D:9: 149 daAuts
  Temple: 1 daAuts
